 Dungeon Crawl Stone Soup version 0.27-a0-1278-g6cbc8dfb29 (webtiles) character file.

Game seed: 15887908204113006925

272 deletemesenpai the Chopper (level 6, -8/53 HPs)
             Began as a Hill Orc Fighter on June 12, 2021.
             Was a Follower of Beogh.
             Mangled by an orc warrior (23 damage)
             ... on level 5 of the Dungeon.
             The game lasted 00:08:49 (4145 turns).

deletemesenpai the Chopper (Hill Orc Fighter)       Turns: 4145, Time: 00:08:50

Health: -8/53      AC: 10    Str: 21    XL:     6   Next: 23%
Magic:  6/6        EV:  5    Int:  8    God:    Beogh [*.....]
Gold:   227        SH:  9    Dex: 10    Spells: 5/5 levels left

rFire    . . .     SeeInvis .   a - +0 war axe
rCold    . . .     Faith    .   c - +0 kite shield
rNeg     . . .     Spirit   .   u - +0 chain mail
rPois    .         Reflect  .   (no helmet)
rElec    .         Harm     .   g - +0 cloak
rCorr    .         Rampage  .   (no gloves)
Will     .....                  (no boots)
Stlth    ..........             (no amulet)
HPRegen  0.17/turn              (no ring)
MPRegen  0.10/turn              (no ring)

@: no status effects
A: no striking features
a: Renounce Religion


You were on level 5 of the Dungeon.
You worshipped Beogh.
Beogh was aware of your devotion.
You visited 1 branch of the dungeon, and saw 5 of its levels.

You collected 227 gold pieces.

Inventory:

Hand Weapons
 a - a +0 war axe (weapon)
Armour
 c - a +0 kite shield (worn)
 g - a +0 cloak (worn)
 u - a +0 chain mail (worn)
Jewellery
 b - a ring of poison resistance
 v - a ring of wizardry
Wands
 w - a wand of acid (6)
Scrolls
 d - a scroll of blinking {unknown}
 e - a scroll of magic mapping {unknown}
 i - a scroll of teleportation {unknown}
 l - a scroll of enchant weapon {unknown}
 p - a scroll of identify {unknown}
 q - a scroll of silence {unknown}
 r - a scroll of noise {unknown}
 s - a scroll of enchant armour {unknown}
 t - a scroll of fear {unknown}
Potions
 f - a potion of ambrosia {unknown}
 h - a potion of haste
 j - a potion of heal wounds {unknown}
 k - 2 potions of curing {unknown}
 m - a potion of flight {unknown}
 n - a potion of cancellation {unknown}
 o - a potion of magic {unknown}


   Skills:
 + Level 4.5 Fighting
 * Level 5.8 Axes
 + Level 4.2 Armour
 * Level 4.7 Shields


You had 5 spell levels left.
You didn't know any spells.
Your spell library contained the following spells:

 Spells                   Type           Power      Damage    Failure   Level
 Animate Skeleton         Necr           0%         N/A       100%        1
 Pain                     Necr           0%         1d4       100%        1
 Summon Small Mammal      Summ           0%         N/A       100%        1
 Call Imp                 Summ           0%         N/A       100%        2
 Call Canine Familiar     Summ           0%         N/A       100%        3
 Summon Guardian Golem    Hex/Summ       0%         N/A       100%        3
 Vampiric Draining        Necr           0%         2d6       100%        3
 Animate Dead             Necr           0%         N/A       100%        4
 Summon Ice Beast         Ice/Summ       0%         N/A       100%        4
 Summon Lightning Spire   Summ/Air       0%         N/A       100%        4
 Agony                    Necr           0%         N/A       100%        5


Dungeon Overview and Level Annotations

Branches:
Dungeon (5/15)
 Temple: D:4-7

Altars:

Shops:
D:2 (


Message History

a +0 dagger of freezing; a +0 robe; an orc corpse
Things that are here:
a +0 dagger of freezing; a +0 robe; an orc corpse
There is an open door here.
You start resting.
HP restored.
There is a stone staircase leading down here.
You climb downwards.
The jackal bites you but does no damage.
The orc barely misses you. You block the jackal's attack.
The orc hits you with a +0 dagger.
There is a stone staircase leading up, spattered with blood here.
You slash the orc!
You kill the orc!
Beogh accepts your kill.
You hit the jackal.
You kill the jackal!
Beogh accepts your kill.
The orc warrior hits you but does no damage.
You block the orc warrior's attack. The orc priest barely misses you.
The orc warrior hits you with a +0 glaive!
You closely miss the orc priest.
You hit the orc warrior but do no damage.
The orc priest begins to cast a cantrip, but forgets the words!
The orc warrior barely misses you.
You hit the orc priest but do no damage.
You barely miss the orc warrior.
The orc priest hits you but does no damage.
The orc warrior hits you with a +0 glaive.
You block the orc priest's attack.
You slash the orc priest!
The orc priest is almost dead.
You hit the orc warrior but do no damage.
The orc warrior hits you with a +0 glaive.
The orc priest mumbles some strange prayers to Beogh against you.
Beogh smites you!
* * * LOW HITPOINT WARNING * * *
The orc warrior hits you with a +0 glaive!!
You die...

...#####.....#
...[.........#.
...............
#............
..........##.
...........
#.)o......
#<@o.....#
#........#
...........
...#.####....
........ ...
........ ..
........ #
..<......


You could see an orc warrior and an orc priest.

Vanquished Creatures
  2 orc priests (D:4)
  A hound (D:4)
  2 orc wizards (D:4)
  3 adders
  3 worms
  2 dart slugs (D:2)
  7 orcs
  5 ball pythons
  6 endoplasms
  5 giant cockroaches
  7 goblins
  7 hobgoblins
  12 jackals
  4 quokkas
  5 bats
  7 frilled lizards
  5 kobolds
  6 rats
89 creatures vanquished.

Notes
Turn   | Place    | Note
-------+----------+-------------------------------------------
     0 | D:1      | deletemesenpai the Hill Orc Fighter began the quest for the
                  | Orb.
     0 | D:1      | Reached XP level 1. HP: 19/19 MP: 1/1
   130 | D:1      | Reached XP level 2. HP: 27/27 MP: 2/2
   146 | D:1      | Found a faded altar of an unknown god.
   193 | D:1      | Reached skill level 3 in Axes
   473 | D:1      | Reached XP level 3. HP: 32/33 MP: 3/3
  1264 | D:2      | Found Hoilamic's Antique Weapon Shop.
  1707 | D:3      | Reached XP level 4. HP: 40/40 MP: 4/4
  1783 | D:3      | Reached skill level 4 in Axes
  1839 | D:3      | Became a worshipper of Beogh the Brigand
  2578 | D:4      | Reached XP level 5. HP: 46/46 MP: 5/5
  3090 | D:4      | Reached skill level 5 in Axes
  3570 | D:5      | Entered Level 5 of the Dungeon
  3570 | D:5      | Noticed an orc warrior
  3779 | D:4      | Reached XP level 6. HP: 51/53 MP: 6/6
  4041 | D:4      | Reached * piety under Beogh
  4145 | D:5      | Mangled by an orc warrior

Illustrated notes

Levels and vault maps discovered:
D:1:      elethiomel_arrival_quiet, layout_loops_cross,
          shapermc_ecumenical_altar_notcrosses, dk_noncrumbling_3,
          minmay_tetromino_l2
D:2:      layout_basic, serial_shops, shop, kennysheep_generic_room_15
D:3:      layout_rooms, minmay_misc_feat_ornament
D:4:      layout_gridville
D:5:      minmay_skewed_foursquare, layout_basic,
          minmay_temple_entry_from_below_a, grunt_decor_arrowhead, uniq_ijyb

Skill      XL: |  1  2  3  4  5 |
---------------+----------------+-----
Axes           | 3 4 5 |  5.8
Fighting       | 4 |  4.5
Shields        | 4 |  4.7
Armour         | 4 |  4.2

Action                   |  1- 3 |  4- 6 || total
-------------------------+-------+-------++-------
Melee: War axe           |   117 |   172 ||   289
Invok: Convert to Beogh  |       |     1 ||     1
  Use: Potion            |       |     2 ||     2
Armor: Scale mail        |    72 |    44 ||   116
       Chain mail        |       |    83 ||    83
Dodge: Dodged            |    44 |    40 ||    84
Block: Kite shield       |    77 |    79 ||   156

Table legend: (Time is in decaauts)
 A = Elapsed time spent in this place.
 B = Non-inter-level travel time spent in this place.
 C = Inter-level travel time spent in this place.
 D = Time resting spent in this place.
 E = Time spent auto-exploring this place.
 F = Levels seen in this place.
 G = Mean time per level.
                   A        B        C        D        E       F      G
               +--------+--------+--------+--------+--------+-----+--------+
         Total |   4286 |   4278 |      8 |   1248 |   1850 |   5 |  857.2 |
       Dungeon |   4286 |   4278 |      8 |   1248 |   1850 |   5 |  857.2 |
               +--------+--------+--------+--------+--------+-----+--------+

Top non-repeatable levels by time:
     D:4: 1411 daAuts
     D:3: 1122 daAuts
     D:1: 986 daAuts
     D:2: 750 daAuts
     D:5: 16 daAuts
